 Dungeon Crawl Stone Soup version 0.23.1 (webtiles) character file.

Game seed: 11456229324706896649

123 night the Gusty (level 5, -1/24 HPs)
             Began as a Vine Stalker Air Elementalist on Mar 16, 2019.
             Slain by an orc priest
             ... wielding a +0 mace
              (6 damage)
             ... on level 3 of the Dungeon.
             The game lasted 00:06:22 (2970 turns).

night the Gusty (Vine Stalker Air Elementalist)     Turns: 2970, Time: 00:06:23

Health: -1/24      AC:  2    Str: 10    XL:     5   Next: 7%
Magic:  0/10       EV: 12    Int: 16    God:
Gold:   127        SH:  0    Dex: 15    Spells: 6/10 levels left

rFire    . . .     SeeInvis .   m - +1 short sword (drain)
rCold    . . .     Gourm    .   (no shield)
rNeg     . . .     Faith    .   a - +0 robe
rPois    .         Spirit   +   (no helmet)
rElec    .         Reflect  .   (no cloak)
rCorr    .         Harm     .   (no gloves)
MR       .....                  (no boots)
Stlth    +.........             (no amulet)
HPRegen  0.48/turn              f - ring of attention (curse)
MPRegen  0.12/turn              (no ring)

@: no status effects
A: fangs 2, regeneration 1, magic shield, antimagic bite, no potion heal 3, rot
immunity
a: no special abilities


You were on level 3 of the Dungeon.
You were not hungry.

You visited 1 branch of the dungeon, and saw 3 of its levels.

You collected 127 gold pieces.

Inventory:

Hand Weapons
 m - a +1 short sword of draining (weapon)
Missiles
 b - 16 bolts
 u - 13 arrows
Armour
 a - a +0 robe (worn)
Jewellery
 f - a cursed ring of attention (left hand)
Scrolls
 d - 3 scrolls of teleportation {unknown}
 g - 3 scrolls of identify {unknown}
 i - 2 scrolls of remove curse {unknown}
 n - a scroll of fear {unknown}
 o - a scroll of amnesia {unknown}
 p - 2 scrolls of blinking
 t - a scroll of enchant weapon {unknown}
Potions
 e - 2 potions of lignification {unknown}
 h - a potion of mutation {unknown}
 j - a potion of might {unknown}
 k - a potion of flight {unknown}
 l - 2 potions of curing {unknown}
 q - a potion of haste {unknown}
 s - a potion of heal wounds
Comestibles
 c - 5 rations
 r - 4 chunks of flesh


   Skills:
 - Level 1.5 Dodging
 - Level 2.4 Stealth
 - Level 0.2 Unarmed Combat
 + Level 3.1 Spellcasting
 + Level 2.4 Conjurations
 * Level 4.4 Air Magic


You had 6 spell levels left.
You knew the following spells:

 Your Spells              Type           Power        Failure   Level  Hunger
a - Shock                 Conj/Air       ##..         4%          1    None
b - Static Discharge      Conj/Air       ##......     14%         3    ###....

Your spell library contained the following spells:

 Spells                   Type           Power        Failure   Level  Hunger
 Swiftness                Chrm/Air       #.......     11%         2    ##.....
 Airstrike                Air            ###.......   30%         4    ####...
 Lightning Bolt           Conj/Air       ##........   77%         5    ######.


Dungeon Overview and Level Annotations

Branches:
Dungeon (3/15)

Altars:
Dithmenos
Ru
Wu Jian

Annotations:
D:2 2 transporters


Innate Abilities, Weirdness & Mutations

You have extremely sharp teeth.
Your natural rate of healing is unusually fast.
When hurt, damage is shared between your health and your magic reserves.
Your bite disrupts and absorbs the magic of your enemies.
Potions cannot restore your health.
You are immune to rotting.


Message History

An orc comes into view. It is wielding a +0 hand axe.
The orc shouts!
The orc priest looks braver for a moment.
You see here a +0 club.
The orc priest calls down the wrath of Beogh upon you.
Beogh smites you!
Ouch! That really hurt!
You barely miss the orc priest. The orc priest barely misses you.
You hit the orc priest.
The orc priest is lightly wounded.
The orc priest invokes the aid of Beogh against you.
You struggle to resist.
You closely miss the orc priest.
The orc priest is lightly wounded.
The orc priest hits you with a +0 mace!
* * * LOW HITPOINT WARNING * * *
You closely miss the orc priest.
The orc priest is lightly wounded.
The orc priest hits you with a +0 mace!
You die...

#)##.# #.#### #.#
#.# #†# #(# #
##)####....
###.####).).......
.....oo@.)..###..#
....####....# .
##.#.# #.#.# #.#.#
#.#.# ..#.#


You could see an orc priest and an orc.

Vanquished Creatures
  An orc wizard (D:3)
  3 adders (D:2)
  A worm (D:3)
  2 leopard geckos (D:3)
  4 orcs
  2 giant cockroaches
  3 goblins
  10 hobgoblins
  11 jackals
  5 kobolds
  A quokka (D:3)
  6 bats
  4 frilled lizards
  4 rats
57 creatures vanquished.

Notes
Turn   | Place    | Note
-------+----------+-------------------------------------------
     0 | D:1      | night the Vine Stalker Air Elementalist began the quest for
                  | the Orb.
     0 | D:1      | Reached XP level 1. HP: 9/9 MP: 4/4
   481 | D:1      | Reached XP level 2. HP: 13/13 MP: 4/6
  1520 | D:2      | Reached XP level 3. HP: 16/16 MP: 5/7
  1672 | D:2      | Found a transporter.
  1677 | D:2      | Learned a level 3 spell: Static Discharge
  1681 | D:2      | Found a transporter.
  1687 | D:2      | Noticed a water moccasin
  1689 | D:2      | Found an ornate altar of the Wu Jian Council.
  2070 | D:2      | Found a sacrificial altar of Ru.
  2071 | D:2      | Found a shadowy altar of Dithmenos.
  2257 | D:2      | Gained mutation: Your natural rate of healing is unusually
                  | fast. [Vine Stalker growth]
  2257 | D:2      | Reached XP level 4. HP: 21/21 MP: 7/9
  2272 | D:2      | Reached skill level 4 in Air Magic
  2904 | D:3      | Reached XP level 5. HP: 14/24 MP: 2/10
  2970 | D:3      | Slain by an orc priest

Skill      XL: |  1  2  3  4 |
---------------+-------------+-----
Conjurations   | 2 |  2.4
Air Magic      | 4 |  4.4
Spellcasting   | 3 |  3.1
Dodging        | |  1.5
Stealth        | |  2.4
Unarmed Combat | |  0.2

Action                   |  1- 3 |  4- 6 || total
-------------------------+-------+-------++-------
Melee: Unarmed           |    41 |       ||    41
       Bite              |     8 |     4 ||    12
       Short sword       |     6 |    41 ||    47
 Cast: Shock             |    66 |    43 ||   109
  Use: Scroll            |     1 |       ||     1
  Eat: Chunk             |     3 |     4 ||     7
Armor: Robe              |    12 |     4 ||    16
Dodge: Dodged            |    46 |    25 ||    71
